 Dungeon Crawl Stone Soup version 0.28.0-43-g3370ac3207 (webtiles) character file.

Game seed: 17376203143941913917

241 fknight the Chopper (level 6, 0/56 HPs)
             Began as a Hill Orc Monk on Feb 28, 2022.
             Was a Believer of Beogh.
             Succumbed to a kobold brigand's poison
             ... on level 4 of the Dungeon.
             The game lasted 00:12:34 (4524 turns).

fknight the Chopper (Hill Orc Monk)                 Turns: 4524, Time: 00:12:35

Health: 0/56       AC:  8    Str: 16    XL:     6   Next: 8%
Magic:  6/6        EV:  7    Int: 10    God:    Beogh [**....]
Gold:   165        SH:  0    Dex: 13    Spells: 5/5 levels left

rFire   . . .      SeeInvis .   a - +0 hand axe
rCold   . . .      Faith    .   (no shield)
rNeg    + . .      Spirit   .   b - +0 chain mail
rPois   .          Reflect  .   (no helmet)
rElec   .          Harm     .   (no cloak)
rCorr   .          Rampage  .   (no gloves)
Will    .....                   (no boots)
Stlth   ..........              (no amulet)
HPRegen 0.18/turn               h - ring of positive energy
MPRegen 0.10/turn               (no ring)

@: lethally poisoned (0 -> -7), invisible (expiring)
A: hooves 1
a: Renounce Religion, Smiting


You were on level 4 of the Dungeon.
You worshipped Beogh.
Beogh was pleased with you.
You visited 1 branch of the dungeon, and saw 4 of its levels.

You collected 165 gold pieces.

Inventory:

Hand Weapons
 a - a +0 hand axe (weapon)
 g - a +0 hunting sling
Missiles
 k - 32 sling bullets
 l - 80 stones (quivered)
 m - 41 bolts
Armour
 b - a +0 chain mail (worn)
Jewellery
 h - a ring of positive energy (left hand)
Scrolls
 c - a scroll of teleportation {unknown}
 f - a scroll of identify
 j - 2 scrolls of immolation


   Skills:
 + Level 5.1 Fighting
 + Level 5.6 Axes
 + Level 3.4 Dodging
 + Level 3.0 Stealth


You had 5 spell levels left.
You didn't know any spells.
Your spell library was empty.

Dungeon Overview and Level Annotations

Branches:
Dungeon (4/15)             Temple (0/1) D:4

Altars:
Ashenzari
Kikubaaqudgha
Xom

Shops:
D:3 *


Innate Abilities, Weirdness & Mutations

You have large cloven feet.


Message History

You catch the helpless kobold brigand completely off-guard!
You slash the kobold brigand!
The kobold brigand is almost dead.
The kobold brigand barely misses you.
You closely miss the kobold brigand.
The kobold brigand is almost dead.
The kobold brigand barely misses you.
You barely miss the kobold brigand.
The kobold brigand is almost dead.
The kobold brigand hits you with a +0 dagger of venom.
* * * LOW HITPOINT WARNING * * *
You are poisoned.
You hit the kobold brigand.
The kobold brigand is almost dead.
You feel sick.
The kobold brigand hits you but does no damage.
You are lethally poisoned!
You hit the kobold brigand.
You kill the kobold brigand!
Beogh accepts your kill.
* * * LOW HITPOINT WARNING * * *
You feel very sick.
Your Fighting skill increases to level 5!
Your Stealth skill increases to level 3!
You have reached level 6!
You hit the adder skeleton.
The adder skeleton is almost destroyed.
You flicker for a moment.
* * * LOW HITPOINT WARNING * * *
You feel very sick.
The adder skeleton bites you but does no damage.
You catch the helpless adder skeleton completely off-guard!
You hit the adder skeleton.
You destroy the adder skeleton!
Beogh accepts your kill.
* * * LOW HITPOINT WARNING * * *
You feel sick.
It was a potion of mutation.
You feel extremely strange.
Your feet thicken and deform.
You die...

...........#..#≈≈≈≈.#
.#####.###.#.K#≈≈≈≈.
.#####.# #.#()#≈≈≈≈.
.......# #.#.g##≈≈.
######## #.##..#≈≈. # #
##########.##K.#≈.###.#..
#...)..>...##..##........
#.###########..##.#.....#
#.#............)@†.......
#.#..############........
#.#...## #########
#......# ####.######
............
.###.############### .#
#.# #..........# .# #.#
#.########.#


There were no monsters in sight!

Vanquished Creatures
  A kobold brigand (D:4)
  An iguana (D:4)
  4 adders
  An adder skeleton (D:4)
  3 worms
  8 orcs (D:3)
  5 endoplasms
  4 giant cockroaches
  4 goblins
  15 hobgoblins
  10 jackals
  12 kobolds
  A quokka (D:2)
  2 ball pythons
  3 bats
  4 frilled lizards
  4 rats
82 creatures vanquished.

Vanquished Creatures (others)
  A human (D:3)
  A kobold (D:4)
2 creatures vanquished.

Grand Total: 84 creatures vanquished

Notes
Turn   | Place    | Note
-------+----------+-------------------------------------------
     0 | D:1      | fknight the Hill Orc Monk began the quest for the Orb.
     0 | D:1      | Reached XP level 1. HP: 19/19 MP: 1/1
   259 | D:1      | Reached XP level 2. HP: 25/27 MP: 2/2
  1299 | D:1      | Reached XP level 3. HP: 33/33 MP: 3/3
  1396 | D:2      | Found a faded altar of an unknown god.
  1730 | D:2      | Reached XP level 4. HP: 38/40 MP: 4/4
  3096 | D:3      | Found a broken altar of Ashenzari.
  3106 | D:3      | Found a shimmering altar of Xom.
  3178 | D:3      | Reached skill level 5 in Axes
  3181 | D:3      | Found Asoasan's Assorted Antiques.
  3606 | D:3      | Found an ancient bone altar of Kikubaaqudgha.
  3606 | D:3      | Noticed a human
  3610 | D:3      | Killed a human
  3868 | D:4      | Became a worshipper of Beogh the Brigand
  3868 | D:4      | Reached * piety under Beogh
  3868 | D:4      | Reached ** piety under Beogh
  3886 | D:4      | Reached XP level 5. HP: 44/47 MP: 5/5
  4396 | D:4      | Found a staircase to the Ecumenical Temple.
  4478 | D:4      | Noticed a kobold brigand
  4521 | D:4      | Killed a kobold brigand
  4522 | D:4      | Reached skill level 5 in Fighting
  4522 | D:4      | Reached XP level 6. HP: 7/56 MP: 6/6
  4523 | D:4      | HP: 2/56 [poisoned by a kobold brigand]
  4524 | D:4      | Gained mutation: You have large cloven feet. [potion of
                  | mutation]
  4524 | D:4      | Succumbed to a kobold brigand's poison

Illustrated notes

Levels and vault maps discovered:
D:1:      minmay_arrival_jagged, layout_basic, chequers_hall_statues_wall_a
D:2:      minmay_spotlight, layout_loops_corners,
          hellmonk_ecumenical_altar_blasted, grunt_decor_mini_mirrors,
          minmay_misc_feat_more_columns, minmay_misc_feat_secret_circle
D:3:      layout_loops_ring, tgw_kikubaaqudgha, xom_butterflies,
          mainiacjoe_overflow_cross_hatched, serial_shops, nicolae_shop_trees
D:4:      cheibrodos_thug_alley, layout_basic, minmay_temple_entry_fiery

Skill      XL: |  1  2  3  4  5 |
---------------+----------------+-----
Fighting       | 4 5 |  5.1
Stealth        | 2 3 |  3.0
Dodging        | 3 |  3.4
Axes           | 5 |  5.6

Action                   |  1- 3 |  4- 6 || total
-------------------------+-------+-------++-------
Melee: Hand axe          |   104 |   142 ||   246
       Punch             |     1 |     4 ||     5
 Fire: Hunting sling     |    13 |    60 ||    73
Throw: Stone             |       |    12 ||    12
Invok: Convert to Beogh  |       |     1 ||     1
  Use: Scroll            |       |     7 ||     7
       Potion            |       |     5 ||     5
 Stab: Invisible         |       |     2 ||     2
Armor: Ring mail         |    45 |    12 ||    57
       Robe              |     1 |       ||     1
       Chain mail        |       |    44 ||    44
       Scale mail        |       |     7 ||     7
Dodge: Dodged            |    71 |    79 ||   150
